 Dungeon Crawl Stone Soup version 0.17-a0-1798-g879a7aa (webtiles) character file.

531 ololoev the Cudgeler (level 7, 50/55 HPs)
             Began as a White Draconian Skald on Sept 10, 2015.
             Was a Believer of Nemelex Xobeh.
             Quit the game on level 5 of the Dungeon.
             The game lasted 00:10:23 (4645 turns).

ololoev the Cudgeler (White Draconian Skald)        Turns: 4645, Time: 00:10:24

Health: 50/55      AC:  7    Str: 15    XL:     7   Next: 3%
Magic:  5/11       EV: 12    Int: 13    God:    Nemelex Xobeh [**....]
Gold:   119        SH:  0    Dex: 11    Spells: 2 memorised, 9 levels left

rFire  + . .     SeeInvis .     a - +1 whip (freeze)
rCold  + . .     Clarity  .     (armour unavailable)
rNeg   . . .     SustAt   .     (no shield)
rPois  .         Gourm    .     (helmet restricted)
rElec  .         Spirit   .     (no cloak)
rCorr  .         Warding  .     (no gloves)
rMut   .         Stasis   .     (no boots)
MR     .....                    (no amulet)
Stlth  +.........               (no ring)
                                o - ring of protection from fire

@: infused, not resistant to hostile enchantments, very unstealthy
A: breathe frost, unfitting armour, cold resistance 1, shaggy fur 1,
cold-blooded, AC +6
a: Breathe Frost, Renounce Religion


Innate Abilities, Weirdness & Mutations

You can breathe waves of freezing cold.
You can buffet flying creatures when you breathe cold.
Your icy white scales are hard (AC +6).
Your body does not fit into most forms of armour.
Your flesh is cold resistant.
You are cold-blooded and may be slowed by cold attacks.
You are covered in fur (AC +1).

Inventory:

Hand weapons
 a - a +1 whip of freezing (weapon)
Armour
 j - the +1 robe of the Sun {SInv, unknown}
   (You found it on level 4 of the Dungeon)

   It lets you see invisible.
Jewellery
 o - a ring of protection from fire (left hand)
Magical devices
 t - a wand of enslavement (10)
Scrolls
 e - a scroll of enchant armour
 i - 3 scrolls of remove curse
 k - 2 scrolls of teleportation
Potions
 f - a potion of haste {unknown}
 g - 2 potions of brilliance
 p - a potion of curing
 x - 2 potions of cancellation {unknown}
Books
 b - a book of Battle

   Spells                             Type                      Level
   a - Infusion                       Charms                       1
   b - Shroud of Golubria             Charms/Translocation         2
   c - Song of Slaying                Charms                       2
   d - Spectral Weapon                Hexes/Charms                 3
   e - Regeneration                   Charms/Necromancy            3
Miscellaneous
 s - a plain deck of destruction {drawn: 10}
Comestibles
 c - 4 bread rations
 d - a slice of pizza
 l - a chunk of flesh
 q - 4 meat rations
 r - 2 beef jerkies
 w - a royal jelly


   Skills:
 - Level 2.1 Fighting
 + Level 5.2 Maces & Flails
 - Level 1.3 Dodging
 - Level 3.1 Spellcasting
 - Level 2.6 Charms
 + Level 4.6 Evocations


You had 9 spell levels left.
You knew the following spells:

 Your Spells              Type           Power        Failure   Level  Hunger
a - Infusion              Chrm           #.....       10%         1    #......
b - Song of Slaying       Chrm           #.......     14%         2    ##.....


You were on level 5 of the Dungeon.
You worshipped Nemelex Xobeh.
Nemelex Xobeh was pleased with you.
You were not hungry.

You visited 2 branches of the dungeon, and saw 6 of its levels.
You also visited: Sewer.

You collected 231 gold pieces.
You spent 112 gold pieces at shops.

*,* #.....+...........,,,,,,,,
*,* #.....##.#...###..*,**,,,,
*,* #..###*###...# *,,#,,,,,,,
*,* #..* #...# *,..,,,,,,, *,*
*,.#######...###...,,,,,,, *,*
*,.................,,,,,,, *,*
*,.########........,,,,,,, *,*
*,,* ######........,,,,,,, *,*
*,,* #...@.........,,,,,,,
*,***,,**#.####.....#.#'******
*,,,,,,,,,,,<,#..####,#,******
*****,,***,**,#..#***,*,,,,,,,
*,,***,**,#...,,,,*,******
*,,**,,,,,.....,,,,,,,,,,,
*,,*******#..###***,******
*,,* *.(# *,* *,,* *,,* *,*

Notes
Turn   | Place    | Note
--------------------------------------------------------------
     0 | D:1      | ololoev the Draconian Skald began the quest for the Orb.
     0 | D:1      | Reached XP level 1. HP: 17/17 MP: 3/3
   130 | D:1      | Reached XP level 2. HP: 12/24 MP: 5/5
   134 | D:1      | Learned a level 2 spell: Song of Slaying
  1083 | D:2      | Reached XP level 3. HP: 29/29 MP: 1/7
  1181 | D:2      | Reached skill level 3 in Spellcasting
  1194 | D:2      | Found a snail-covered altar of Cheibriados.
  1647 | D:3      | Found a sparkling altar of Nemelex Xobeh.
  1670 | D:3      | Became a worshipper of Nemelex Xobeh the Trickster
  1703 | D:3      | Received a gift from Nemelex Xobeh
  2000 | D:3      | Noticed an ogre
  2017 | D:3      | Killed an ogre
  2017 | D:3      | Reached XP level 4. HP: 33/36 MP: 5/8
  2333 | D:4      | Got a shimmering robe
  2351 | D:4      | Reached XP level 5. HP: 31/41 MP: 7/9
  2449 | D:4      | Found a staircase to the Ecumenical Temple.
  2467 | Temple   | Entered the Ecumenical Temple
  2729 | D:4      | Noticed a slave
  2731 | D:4      | Noticed Pikel
  2731 | D:4      | Noticed a slave
  2756 | D:4      | Killed a slave
  2757 | D:4      | Noticed Pikel
  2757 | D:4      | Pikel changed into Pikel the black bear
  2758 | D:4      | Pikel the black bear changed into Pikel the giant eyeball
  2759 | D:4      | Noticed a slave
  2759 | D:4      | Noticed a slave
  2761 | D:4      | Paralysed by Pikel for 3 turns
  2767 | D:4      | Reached skill level 4 in Maces & Flails
  2879 | D:4      | Got a crude quarterstaff
  2880 | D:4      | Identified the cursed +1 quarterstaff of Patience {elec, Dex+5} (You found it on level 4 of the Dungeon)
  2998 | D:4      | Noticed an ogre
  3000 | D:4      | Killed an ogre
  3102 | D:4      | Reached XP level 6. HP: 48/48 MP: 10/10
  3609 | D:5      | Entered Level 5 of the Dungeon
  3645 | D:5      | Gained mutation: You are covered in fur (AC +1). [potion of beneficial mutation]
  3989 | D:5      | Found a glowing drain.
  4008 | Sewer    | Entered a sewer
  4312 | Sewer    | Reached skill level 5 in Maces & Flails
  4394 | D:5      | Found Ceth's Antique Weapon Emporium.
  4397 | D:5      | Bought a glowing dire flail for 112 gold pieces
  4644 | D:5      | Your scales start taking on an icy white colour.
  4644 | D:5      | Gained mutation: Your flesh is cold resistant. [White Draconian growth]
  4644 | D:5      | Reached XP level 7. HP: 50/55 MP: 5/11
  4645 | D:5      | Quit the game

Dungeon Overview and Level Annotations

Branches:
Dungeon (5/15)             Temple (1/1) D:4

Altars:
Cheibriados
Dithmenos
Elyvilon
Fedhas
Gozag
Kikubaaqudgha
Nemelex Xobeh
Okawaru
Ru
Sif Muna
Trog
Vehumet
Xom
Yredelemnul

Shops:
D:5 (


Message History

You closely miss the river rat.
Your tail-slap misses the river rat.
The river rat bites you but does no damage.
You hit the river rat. You freeze the river rat.
You kill the river rat!
No target in view!
No target in view!
i - 2 scrolls of remove curse (gained 1) Magic restored.
Some of the chunks of flesh in your inventory have rotted away.
i - 3 scrolls of remove curse (gained 1)
Your magical infusion is running out.
You are no longer magically infusing your attacks.
You are feeling hungry.
Things that are here:
7 stones; a club Eating one of 2 chunks of flesh.
This raw flesh tastes terrible.
You continue eating. x2
Found 23 arrows.
You now have 119 gold pieces (gained 20).
A giant frog skeleton comes into view.
Found 9 poisoned needles.
Casting: Infusion
Confirm with . or Enter, or press ? or * to list all spells.
You begin infusing your attacks with magical energy.
You whack the giant frog skeleton!
Your tail-slap misses the giant frog skeleton.
The giant frog skeleton closely misses you.
You barely miss the giant frog skeleton.
You tail-slap the giant frog skeleton. The giant frog skeleton hits you.
You hit the giant frog skeleton.
The giant frog skeleton hits you but does no damage.
You hit the giant frog skeleton!
The giant frog skeleton closely misses you.
The giant frog skeleton hits you.
You hit the giant frog skeleton.
You destroy the giant frog skeleton!
You have reached level 7!
Your scales start taking on an icy white colour.
You feel resistant to cold.
Are you sure you want to abandon this character and quit the game? (Confirm with "yes".)

There were no monsters in sight!

Vanquished Creatures
  A slave (D:4)
  2 ogres
  A giant frog (Sewer)
  A giant frog skeleton (D:5)
  2 worker ants (D:4)
  5 adders
  A river rat (D:5)
  A giant eyeball (D:4)
  2 shadow imps
  An adder skeleton (D:4)
  5 worms
  5 giant geckos
  12 orcs
  9 bats
  7 giant cockroaches
  5 hobgoblins (D:2)
  A jackal (D:2)
  4 kobolds
  2 quokkas
  4 ball pythons
  10 giant newts
  9 goblins
  7 rats
97 creatures vanquished.

Vanquished Creatures (collateral kills)
  An orc priest (D:5)
  An orc wizard (D:5)
  3 orcs (D:5)
5 creatures vanquished.

Vanquished Creatures (others)
  A worm (D:4)
  A quokka (D:4)
2 creatures vanquished.

Grand Total: 104 creatures vanquished

Action                   |  1- 3 |  4- 6 |  7- 9 || total
-------------------------+-------+-------+-------++-------
Melee: Mace              |    42 |       |       ||    42
       Whip              |    96 |   102 |       ||   198
       Quarterstaff      |       |    62 |       ||    62
 Cast: Song of Slaying   |     2 |     6 |       ||     8
       Infusion          |     2 |     8 |       ||    10
Evoke: Deck              |     2 |     8 |       ||    10
  Use: Potion            |     1 |     1 |       ||     2
       Scroll            |       |     9 |       ||     9
 Stab: Sleeping          |     2 |       |       ||     2
  Eat: Chunk             |     3 |    10 |       ||    13

Vault maps used:
D:1:      dpeg_arrival_simpleton_a
D:2:      lemuel_round_altar, minmay_bisected
D:3:      lemuel_round_altar, first_bread, grunt_ministairs_12
D:4:      minmay_door_path, minmay_temple_entry_crystal_x, uniq_pikel
D:5:      lemuel_round_altar, serial_shops, nicolae_shop_window_shopping,
          portal_sewer_entry_b
Temple:   nicolae_temple_x_marks_the_god
Sewer:    sewer_frog_island_01
